 Dungeon Crawl Stone Soup version 0.30-a0-341-g682706514a (webtiles) character file.

Game seed: 27811274964226051

1400 MacCMillion the Magician (level 9, -9/62 HPs)
             Began as a Djinni Hedge Wizard on Nov 5, 2022.
             Mangled by a wight
             ... wielding a +3 dagger of freezing
              (10 damage)
             ... on level 7 of the Dungeon.
             The game lasted 00:19:04 (6352 turns).

MacCMillion the Magician (Djinni Hedge Wizard)      Turns: 6352, Time: 00:19:05

Health: -9/62      AC:  3    Str:  9    XL:     9   Next: 1%
Gold:   357        EV: 12    Int: 25    God:
                   SH:  0    Dex: 14

rFire   + + .      SeeInvis .    a - +0 dagger
rCold   . . .      Faith    .    (no shield)
rNeg    . . .      Spirit   .    b - +0 robe
rPois   ∞          Reflect  .    c - +1 hat
rElec   .          Harm     .    (no cloak)
rCorr   .          Rampage  .    (no gloves)
Will    .....                    (boots unavailable)
Stlth   ++........               (no amulet)
HPRegen 0.30/turn                j - ring of protection from cold
MPRegen 0.00/turn                k - +6 ring of intelligence

@: flying
A: sickness immunity, fire resistance 2, cold vulnerability 1, float, innate
caster, HP casting, extra vitality 1
a: no special abilities


You were on level 7 of the Dungeon.
You visited 1 branch of the dungeon, and saw 7 of its levels.

You collected 357 gold pieces.

Inventory:

Hand Weapons
 a - a +0 dagger (weapon)
 D - a +0 flail of protection
Missiles
 g - a throwing net
 E - 3 silver boomerangs
Armour
 b - a +0 robe (worn)
 c - a +1 hat (worn)
 B - a +1 leather armour of willpower
Jewellery
 f - a +4 ring of evasion
 j - a ring of protection from cold (left hand)
 k - a +6 ring of intelligence (right hand)
Wands
 w - a wand of polymorph (4)
Scrolls
 l - 2 scrolls of teleportation
 m - 2 scrolls of enchant armour
 n - a scroll of vulnerability
 o - 2 scrolls of immolation
 s - a scroll of noise {unknown}
 t - a scroll of acquirement {unknown}
 v - 2 scrolls of butterflies {unknown}
 y - a scroll of amnesia {unknown}
 z - 2 scrolls of fear {unknown}
 A - a scroll of torment {unknown}
 F - a scroll of blinking {unknown}
 G - a scroll of magic mapping {unknown}
 H - a scroll of silence {unknown}
Potions
 d - a potion of heal wounds
 e - a potion of might {unknown}
 h - 2 potions of cancellation
 i - a potion of mutation {unknown}
 p - a potion of ambrosia {unknown}
 q - 2 potions of curing {unknown}
 r - a potion of berserk rage {unknown}
 u - 3 potions of haste {unknown}
 x - a potion of attraction {unknown}
 C - a potion of flight {unknown}


   Skills:
 + Level 4.0 Fighting
 - Level 2.1 Dodging
 - Level 1.5 Stealth
 * Level 7.7 Spellcasting


You had 2 spell levels left.
You knew the following spells:

 Your Spells              Type           Power      Damage    Failure   Level
a - Magic Dart            Conj           100%       1d8       1%          1
b - Slow                  Hex            100%       N/A       1%          1
c - Blink                 Tloc           96%        N/A       1%          2
d - Call Imp              Summ           48%        N/A       1%          2
e - Cigotuvi's Dreadful   Necr/Pois/Air  96%        N/A       1%          2
f - Mephitic Cloud        Conj/Pois/Air  48%        N/A       1%          3
g - Shock                 Conj/Air       100%       1d9       1%          1
h - Wereblood             Tmut           48%        N/A       1%          2
i - Tukima's Dance        Hex            48%        N/A       1%          3
j - Petrify               Tmut/Erth      48%        N/A       2%          4
Your spell library was empty.

Dungeon Overview and Level Annotations

Branches:
Dungeon (7/15)
 Temple: D:4-7

Altars:

Shops:
D:5 =

Annotations:
D:3 1 runed translucent door, twist's ghost, amateur DsHs
D:6 3 runed translucent doors, Necrophagist's ghost, novice SpHu; Prince Ribbit; highc0's ghost, novice TeSu


Innate Abilities, Weirdness & Mutations

You are immune to sickness and miasma.
You are immune to poison.
Your flesh is very heat resistant. (rF++)
You are vulnerable to cold. (rC-)
You float through the air rather than walking.
You learn spells naturally, not from books.
Your magical power is your life essence.
You have superior vitality. (+4 MHP)


Message History

Aiming: Shock (safe; 1% risk of failure)
Press: ? - help, Q - select action, (/) - cycle Shift-Dir - straight line, f/p - killer bee zombie
Aim: a killer bee zombie (heavily damaged, 64% to hit)
The zap hits the killer bee zombie.
The killer bee zombie is severely damaged.
The zap misses the killer bee zombie.
The killer bee zombie hits you but does no damage.
The killer bee zombie misses you.
The wight hits you with a +3 dagger of freezing.
The wight freezes you.
* * * LOW HITPOINT WARNING * * *
Aiming: Shock (safe; 1% risk of failure)
Press: ? - help, Q - select action, (/) - cycle Shift-Dir - straight line, f/p - killer bee zombie
Aim: a killer bee zombie (severely damaged, 64% to hit)
The zap hits the killer bee zombie!
You destroy the killer bee zombie!
* * * LOW HITPOINT WARNING * * *
The wight hits you with a +3 dagger of freezing.
* * * LOW HITPOINT WARNING * * *
The wight freezes you.
* * * LOW HITPOINT WARNING * * *
A wight comes into view. It is wielding a +0 trident.
You have reached level 9!
Your experience leads to an increase in your attributes!
Your base attributes are Str 9, Int 17, Dex 14.
Increase (S)trength, (I)ntelligence, or (D)exterity?
You feel clever. x2
The power to cast Petrify wells up from within.
Spell assigned to 'j'.
The wight attacks as you move away!
The wight hits you with a +3 dagger of freezing.
* * * LOW HITPOINT WARNING * * *
The wight freezes you.
* * * LOW HITPOINT WARNING * * *
Casting: Shock (safe; 1% risk of failure)
Confirm with . or Enter, or press ? or * to list all spells.
A beastly little devil appears in a puff of flame.
* * * LOW HITPOINT WARNING * * *
The wight hits you with a +3 dagger of freezing!
You die...

.)# #.# #..†....# #.#
#.# #######.# #.# #h#
#.# #<# #.# #.# #.#
#z# #<# #.####...# #.#
#....#....$ #.#
####.#.....# #)#
#@#z.8..######.# +.
#z#.......z.##.# #..#
#5#.....###.##z#
#.#..##z##..#####.##.#
#...>...........#.##.#
#..#.##..............#
# #..######.#.####
#..# #.#.# #..# #.#.#


You could see 2 wights and a friendly crimson imp (summoned).

Vanquished Creatures
  2 black bears
  An ogre (D:3)
  A phantom (D:6)
  A bullfrog (D:7)
  A scorpion (D:5)
  2 wights (D:7)
  A howler monkey (D:5)
  2 hounds
  An orc priest (D:5)
  A jelly (D:6)
  5 iguanas
  An orc wizard (D:4)
  2 killer bee zombies (D:7)
  A howler monkey zombie (D:7)
  6 adders
  A white imp (D:6)
  A worm (D:3)
  A dart slug (D:1)
  11 orcs
  9 endoplasms
  2 giant cockroaches
  9 goblins
  5 hobgoblins
  A jackal (D:4)
  2 kobolds
  3 quokkas
  8 ball pythons
  4 bats
  6 frilled lizards
  5 rats
96 creatures vanquished.

Vanquished Creatures (collateral kills)
  2 ogres
  2 scorpions
  Jessica (D:2)
  An ufetubus (D:6)
  4 orcs
  A goblin (D:3)
  3 jackals (D:4)
  A kobold (D:4)
15 creatures vanquished.

Vanquished Creatures (others)
  13 withered plants
13 creatures vanquished.

Grand Total: 124 creatures vanquished

Notes
Turn   | Place    | Note
-------+----------+-------------------------------------------
     0 | D:1      | MacCMillion the Djinni Hedge Wizard began the quest for the
                  | Orb.
     0 | D:1      | MacCMillion set off with the following spells memorised:
                  | Magic Dart, Slow, Blink, Call Imp, Cigotuvi's Dreadful Rot,
                  | Mephitic Cloud.
     0 | D:1      | Reached XP level 1. HP: 15/15 MP: 0/0
   138 | D:1      | Reached XP level 2. HP: 18/21 MP: 0/0
   225 | D:1      | Found a faded altar of an unknown god.
   263 | D:1      | Reached skill level 3 in Spellcasting
   346 | D:1      | Reached XP level 3. HP: 19/25 MP: 0/0
   346 | D:1      | Learned a level 1 spell: Shock
  1290 | D:2      | Noticed Jessica
  1313 | D:2      | Killed Jessica
  1314 | D:2      | Reached XP level 4. HP: 28/31 MP: 0/0
  1808 | D:3      | Noticed an ogre
  1860 | D:3      | Killed an ogre
  1861 | D:3      | Reached skill level 4 in Spellcasting
  1861 | D:3      | Reached XP level 5. HP: 32/35 MP: 0/0
  1861 | D:3      | Learned a level 2 spell: Wereblood
  2666 | D:3      | Found a runed translucent door.
  2667 | D:3      | Noticed twist's ghost (amateur DsHs)
  3057 | D:4      | Noticed an ogre
  3063 | D:4      | Killed an ogre
  3064 | D:4      | Reached skill level 5 in Spellcasting
  3064 | D:4      | Reached XP level 6. HP: 34/40 MP: 0/0
  3685 | D:4      | Reached XP level 7. HP: 42/45 MP: 0/0
  3685 | D:4      | Learned a level 3 spell: Tukima's Dance
  3853 | D:4      | Identified the +0 chain mail of Least Resistance {Dex+2}
  3990 | D:5      | Entered Level 5 of the Dungeon
  4006 | D:5      | Reached skill level 6 in Spellcasting
  4261 | D:5      | Reached skill level 1 in Fighting
  4572 | D:5      | Found Uxis's Jewellery Emporium.
  4609 | D:5      | Reached XP level 8. HP: 37/54 MP: 0/0
  4834 | D:6      | Found a runed translucent gate.
  4834 | D:6      | Found a runed translucent gate.
  4834 | D:6      | Found a runed translucent gate.
  4838 | D:6      | Noticed Necrophagist's ghost (novice SpHu)
  4838 | D:6      | Noticed highc0's ghost (novice TeSu)
  5030 | D:6      | Reached skill level 7 in Spellcasting
  5152 | D:6      | Noticed Prince Ribbit
  6351 | D:7      | Reached XP level 9. HP: 11/62 MP: 0/0
  6351 | D:7      | Learned a level 4 spell: Petrify
  6351 | D:7      | HP: 2/62 [wight/+3 dagger of freezing (3)]
  6352 | D:7      | Mangled by a wight

Illustrated notes

Levels and vault maps discovered:
D:1:      matt_arrival_spirals, layout_basic, basic_ecumenical_altar, hex_tiny
D:2:      layout_basic, uniq_jessica
D:3:      layout_basic, ebering_ghost_inner_flame
D:4:      layout_loops_cross
D:5:      lemuel_ice_spiral_2, layout_basic, serial_shops, nicolae_stop_n_shop_2
D:6:      layout_loops_ring, gammafunk_ghost_cemetery, uniq_prince_ribbit1
D:7:      minmay_the_grid_triangle_9x9_recursive_2
          [minmay_the_grid_triangle_9x9_prize_center,
          minmay_the_grid_triangle_9x9_swiss_cheese,
          minmay_the_grid_triangle_9x9_alien,
          minmay_the_grid_triangle_9x9_corrupted_corridor], layout_loops_ring,
          minmay_temple_entry_antechambers, serial_undead, serial_undead_c,
          serial_undead_d, serial_undead_e, serial_undead_e, serial_undead_b,
          serial_undead_d

Skill      XL: |  1  2  3  4  5  6  7  8 |
---------------+-------------------------+-----
Spellcasting   | 3 4 5 6 7 |  7.7
Fighting       | 2 4 |  4.0
Dodging        | |  2.1
Stealth        | |  1.5

Action                   |  1- 3 |  4- 6 |  7- 9 || total
-------------------------+-------+-------+-------++-------
Melee: Dagger            |     5 |       |       ||     5
 Cast: Magic Dart        |    36 |       |     4 ||    40
       Shock             |    24 |    86 |    96 ||   206
       Slow              |     3 |     3 |    11 ||    17
       Call Imp          |     2 |    11 |    22 ||    35
  Use: Scroll            |       |     1 |     4 ||     5
       Potion            |       |       |     1 ||     1
Armor: Robe              |     2 |     5 |    15 ||    22
Dodge: Dodged            |    11 |     6 |    31 ||    48

Table legend: (Time is in decaauts)
 A = Elapsed time spent in this place.
 B = Non-inter-level travel time spent in this place.
 C = Inter-level travel time spent in this place.
 D = Time resting spent in this place.
 E = Time spent auto-exploring this place.
 F = Levels seen in this place.
 G = Mean time per level.
                   A        B        C        D        E       F      G
               +--------+--------+--------+--------+--------+-----+--------+
         Total |   6354 |   5904 |    450 |    690 |   4274 |   7 |  907.7 |
       Dungeon |   6354 |   5904 |    450 |    690 |   4274 |   7 |  907.7 |
               +--------+--------+--------+--------+--------+-----+--------+

Top non-repeatable levels by time:
     D:3: 1403 daAuts
     D:6: 1254 daAuts
     D:1: 1090 daAuts
     D:4: 1027 daAuts
     D:5: 782 daAuts
     D:2: 529 daAuts
     D:7: 267 daAuts
